Map: Mech Depot LE

Players

Winthrowe

  • Race: Protoss Protoss
  • Spawn Location: 1:00

Nikitta

  • Race: Terran Terran

VOD

Have the link to the VOD?

Description

Time

  • Played on: Aug. 17, 2017, 4:29 p.m.
  • Length: 14:51
Show
View Real Time Build Order
Export as new Build Order

Winthrowe Protoss 

Build Orders:  

Get SALT Encoding   

  12  0:09  Probe (Chrono Boost)  
  13  0:24  Probe (Chrono Boost)  
  14  0:36  Assimilator  
  14  0:39  Probe (Chrono Boost)  
  15  1:12  Pylon  
  15  1:20  Assimilator  
  15  1:37  Probe (Chrono Boost)  
  16  1:48  Gateway  
  16  1:50  Pylon  
  16  1:52  Probe (Chrono Boost)  
  17  2:07  Probe (Chrono Boost)  
  18  2:13  Gateway  
  18  2:21  Probe (Chrono Boost)  
  18  2:26  Gateway  
  19  2:36  Probe (Chrono Boost)  
  20  2:51  Probe (Chrono Boost)  
  21  3:04  Pylon  
  21  3:16  Pylon  
  21  3:21  Pylon  
  21  3:28  Probe (Chrono Boost)  
  22  3:32  Pylon  
  22  3:43  Probe (Chrono Boost)  
  23  3:57  Probe (Chrono Boost)  
  24  4:17  Probe (Chrono Boost)  
  25  4:32  Probe (Chrono Boost)  
  26  4:42  Nexus  
  26  4:49  Forge  
  25  4:59  Probe (Chrono Boost)  
  26  5:14  Probe (Chrono Boost)  
  26  5:18  Cybernetics Core  
  27  5:28  Forge  
  27  5:39  Pylon  
  27  5:59  Cybernetics Core  
  27  6:05  Photon Cannon  
  27  6:12  Photon Cannon  
  27  6:19  Probe (Chrono Boost)  
  28  6:33  Probe (Chrono Boost)  
  28  6:35  Mothership Core (Chrono Boost)  
  31  6:54  Sentry  
  31  6:55  Sentry x2  
  37  7:05  Probe (Chrono Boost)  
  37  7:06  Probe (Chrono Boost)  
  39  7:20  Probe (Chrono Boost)  
  39  7:21  Probe (Chrono Boost)  
  41  7:31  Sentry  
  41  7:32  Sentry x2  
  47  8:02  Nexus  
  47  8:08  Sentry  
  47  8:09  Sentry x2  
  53  8:45  Slayer  
  53  8:46  Zealot, Sentry  
  59  9:08  Probe (Chrono Boost)  
  59  9:09  Probe (Chrono Boost)  
  61  9:23  Probe x2 (Chrono Boost), Zealot, Sentry  
  61  9:27  Slayer  
  69  9:38  Probe x2 (Chrono Boost), Protoss Shields Level 1  
  70  9:59  Protoss Ground Armor Level 1  
  70  10:00  Sentry  
  70  10:01  Zealot  
  70  10:09  Slayer  
  76  10:27  Death Council  
  76  10:33  Assimilator  
  76  10:36  Assimilator  
  76  10:37  Zealot  
  76  10:39  Zealot  
  80  10:42  Warp Gate  
  80  10:43  Probe x2 (Chrono Boost)  
  80  10:44  Probe (Chrono Boost)  
  83  10:51  Slayer  
  83  10:57  Assimilator  
  83  10:58  Probe x2 (Chrono Boost)  
  87  11:03  Assimilator  
  87  11:15  Zealot  
  87  11:17  Zealot  
  87  11:31  Probe (Chrono Boost)  
  87  11:32  Probe x2 (Chrono Boost)  
  87  11:33  Zealot  
  87  11:39  Protoss Air Weapons Level 1  
  92  11:46  Probe x3 (Chrono Boost)  
  95  11:52  Zealot  
  95  11:55  Zealot  
  99  12:00  Probe (Chrono Boost)  
  99  12:01  Probe (Chrono Boost)  
  101  12:21  Pylon  
  101  12:23  Pylon  
  101  12:24  Pylon  
  101  12:26  Pylon  
  101  12:29  Pylon  
  101  12:31  Probe x2 (Chrono Boost)  
  101  12:46  Probe x3 (Chrono Boost), Zealot x2  
  101  12:48  Zealot  
  110  12:50  Photon Cannon  
  110  13:24  Zealot, Sentry  
  110  13:26  Zealot  
  116  13:52  Probe (Chrono Boost)  
  116  13:53  Probe x2 (Chrono Boost)  
  119  14:01  Sentry  
  119  14:02  Zealot  
  119  14:04  Zealot  
  119  14:07  Probe x2 (Chrono Boost)  
  119  14:08  Probe (Chrono Boost)  
  128  14:22  Probe (Chrono Boost)  
Show
View Real Time Build Order
Export as new Build Order

Nikitta Terran 

Build Orders:  

Get SALT Encoding   

Tags
 
Add a new tag
Caveats
  • Supply blocks, unpowered buildings, or Contaminate may cause inaccurate times.
  • Supply counts are checked every 10 seconds.